Map: Terrazze Prion

Players

Jhyrachy

  • Race: Zerg Zerg
  • League: Silver

Nemesis - Winner!

  • Race: Zerg Zerg
  • League: Gold

VOD

Have the link to the VOD?

Description

Time

  • Played on: Dec. 11, 2015, 9:39 a.m.
  • Length: 4:01
Show
View Real Time Build Order
Export as new Build Order

Jhyrachy Zerg 

Build Orders: Hatch First 

Get SALT Encoding   

  12  0:01  Drone  
  13  0:09  Drone  
  14  0:17  Overlord  
  14  0:25  Extractor  
  13  0:29  Extractor, Drone x2  
  16  0:54  Hatchery  
  15  0:59  Extractor  
  15  1:00  Drone  
  15  1:01  Drone  
  15  1:02  Drone  
  17  1:11  Overlord  
  17  1:25  Spawning Pool  
  16  1:30  Drone  
  17  1:34  Drone  
  18  1:45  Drone  
  19  1:55  Drone  
  20  2:12  Queen x2  
  24  2:17  Baneling Nest  
  24  2:20  Zergling x2  
  24  2:21  Zergling x2  
  25  2:28  Metabolic Boost  
  25  2:36  Zergling x4  
  27  2:38  Zergling x2  
  28  2:45  Zergling x2  
  28  2:46  Zergling x2  
  29  2:56  Zergling x4  
  23  3:06  Zergling x4  
Show
View Real Time Build Order
Export as new Build Order

Nemesis Zerg - Winner!

Build Orders: Pool Only 

Get SALT Encoding   

  12  0:02  Drone  
  13  0:17  Extractor  
  12  0:25  Spawning Pool  
  12  0:28  Drone  
  12  0:39  Drone  
  13  0:43  Overlord  
  13  0:49  Drone  
  14  1:09  Drone  
  14  1:10  Drone  
  16  1:24  Metabolic Boost  
  16  1:26  Queen  
  16  1:32  Zergling x4  
  19  1:39  Overlord  
  20  1:47  Zergling x2  
  21  1:55  Zergling x2  
  22  2:07  Zergling x2  
  23  2:24  Zergling x2  
  23  2:28  Zergling x2  
  25  2:36  Zergling x6  
  28  2:45  Zergling x2  
  28  3:19  Zergling x4  
  29  3:22  Overlord x2  
Tags
 
Add a new tag
Caveats
  • Supply blocks, unpowered buildings, or Contaminate may cause inaccurate times.
  • Supply counts are checked every 10 seconds.